 Dungeon Crawl Stone Soup version 0.31.0 (webtiles) character file.

Game seed: 1624883159110416161

86 qw the Shooter (level 4, -6/28 HPs)
             Began as a Gargoyle Hunter on Jan 20, 2024.
             Mangled by an orc warrior
             ... wielding a +0 scimitar
              (8 damage)
             ... on level 3 of the Dungeon.
             The game lasted 00:00:06 (1475 turns).

qw the Shooter (Gargoyle Hunter)                    Turns: 1475, Time: 00:00:07

Health: -6/28      AC:  9    Str: 14    XL:     4   Next: 50%
Magic:  4/4        EV: 10    Int: 10    God:
Gold:   123        SH:  0    Dex: 15    Spells: 3/3 levels left

rFire   . . .        a - +0 shortbow
rCold   + . .        (shield currently unavailable)
rNeg    + . .        d - +0 ring mail
rPois   inf          (no helmet)
rElec   +            (no cloak)
rCorr   .            g - +0 pair of gloves
SInv    .            (no boots)
Will    .....        (no amulet)
Stlth   +            e - ring of protection from cold
HPRegen 0.24/turn    (no ring)
MPRegen 0.09/turn

%: no passive effects
@: no status effects
A: sickness immunity, AC +3, negative energy resistance 1, electricity
resistance, torment resistance 1, petrification resistance
a: no special abilities


You were on level 3 of the Dungeon.
You visited 1 branch of the dungeon, and saw 3 of its levels.

You collected 123 gold pieces.


Innate Abilities, Weirdness & Mutations

You are immune to sickness and miasma.
Your stone body is resilient. (AC +3)
You are immune to poison.
You resist negative energy. (rN+)
You are resistant to electric shocks. (rElec)
You are resistant to unholy torment.
You are immune to petrification.


   Skills:
 - Level 3.4 Fighting
 + Level 5.0 Ranged Weapons
 - Level 1.1 Armour
 - Level 1.5 Dodging
 - Level 1.1 Stealth


You had 3 spell levels left.
You didn't know any spells.
Your spell library was empty.

Inventory:

Hand Weapons
 a - a +0 shortbow (weapon)
Armour
 d - a +0 ring mail (worn)
 g - a +0 pair of gloves (worn)
Jewellery
 e - a ring of protection from cold (left hand)
Potions
 i - a potion of curing {unknown}
 j - a potion of haste {unknown}

Dungeon Overview and Level Annotations

Branches:
Dungeon (3/15)

Altars:

Annotations:
D:3 Grinder


Message History

You shoot an arrow. The arrow hits the orc warrior.
The orc warrior is moderately wounded.
The orc warrior closely misses you.
You shoot an arrow. The arrow hits the orc warrior!
The orc warrior is heavily wounded.
The orc warrior misses you.
Grinder blinks!
You shoot an arrow. The arrow hits the orc warrior.
The orc warrior is severely wounded.
You hear an angry hiss.
An adder comes into view.
The orc warrior barely misses you.
You shoot an arrow.
The arrow barely misses the orc warrior.
The arrow hits the orc.
The orc is heavily wounded.
The orc warrior barely misses you. x2
You shoot an arrow.
The arrow closely misses the orc warrior.
The arrow hits the orc!
You kill the orc!
The orc warrior hits you with a +0 scimitar!
You shoot an arrow.
The arrow closely misses the orc warrior.
The arrow closely misses the adder.
The orc warrior closely misses you.
You shoot an arrow.
The arrow hits the orc warrior but does no damage.
The orc warrior is severely wounded.
The orc warrior barely misses you.
The orc warrior hits you with a +0 scimitar.
You shoot an arrow.
The arrow closely misses the orc warrior.
The arrow hits Grinder.
Grinder is lightly wounded.
The orc warrior barely misses you.
You shoot an arrow.
The arrow hits the orc warrior but does no damage.
The orc warrior is severely wounded.
The orc warrior hits you with a +0 scimitar!
You die...

# # .#
#.#####.
..#....o.
......S5#
#o# #@#
#<#
######.#
#...<..#
#.######


You could see Grinder, an orc warrior, an adder and an orc.

Vanquished Creatures
  An iguana (D:3)
  An adder (D:2)
  3 dart slugs
  3 ribbon worms (D:2)
  2 orcs (D:3)
  2 endoplasms (D:2)
  5 hobgoblins
  4 ball pythons
  A bat (D:2)
  5 frilled lizards
  A goblin (D:2)
  3 kobolds
  8 rats
39 creatures vanquished.

Notes
Turn   | Place    | Note
-------+----------+-------------------------------------------
     0 | D:1      | qw the Gargoyle Hunter began the quest for the Orb.
     0 | D:1      | Reached XP level 1. HP: 12/12 MP: 1/1
     0 | D:1      | 0 ||| qw: Version: 0.3-a-132-g3d54051
     0 | D:1      | 0 ||| qw: Game counter: 545
     0 | D:1      | 0 ||| qw: Melee chars always use a shield: true
     0 | D:1      | 0 ||| qw: God list: Okawaru
     0 | D:1      | 0 ||| qw: Allow faded altars: false
     0 | D:1      | 0 ||| qw: Do Orc after clearing Dungeon:15 true
     0 | D:1      | 0 ||| qw: Do second Lair branch before Depths: true
     0 | D:1      | 0 ||| qw: Lair rune preference: random
     0 | D:1      | 0 ||| qw: Goals: Normal
     0 | D:1      | 0 ||| PLANNING D:1-11
   241 | D:1      | Reached XP level 2. HP: 17/17 MP: 2/2
   565 | D:1      | 565 ||| UPGRADING to +0 ring mail.
   575 | D:1      | 575 ||| DROPPING +0 leather armour.
   576 | D:1      | 576 ||| UPGRADING to +0 pair of gloves.
   581 | D:1      | 581 ||| UPGRADING to ring of protection from cold.
   582 | D:1      | 582 ||| DROPPING scroll of butterflies.
   621 | D:2      | 621 ||| FLEEEEING.
   678 | D:2      | 678 ||| FLEEEEING.
   745 | D:2      | Reached skill level 1 in Armour
   773 | D:2      | Reached XP level 3. HP: 15/21 MP: 3/3
   774 | D:2      | 774 ||| FLEEEEING.
   820 | D:2      | 820 ||| DROPPING +1 sling of draining.
   859 | D:2      | Reached skill level 5 in Ranged Weapons
  1164 | D:2      | 1164 ||| READING scroll labelled CAEROCRAERU.
  1165 | D:2      | 1165 ||| FLEEEEING.
  1275 | D:2      | 1275 ||| READING scroll labelled SUFUOPP LATUSUPLUL.
  1275 | D:2      | 1275 ||| IDENTIFYING lumpy cyan potion
  1276 | D:2      | 1276 ||| READING scroll labelled KEHITHR TOSOKLEEC.
  1277 | D:2      | 1277 ||| DROPPING potion of lignification.
  1370 | D:3      | Reached skill level 3 in Fighting
  1370 | D:3      | Reached XP level 4. HP: 11/28 MP: 4/4
  1370 | D:3      | 1370 ||| STAIRDANCE
  1372 | D:2      | 1372 ||| FLEEEEING.
  1458 | D:3      | Noticed an orc warrior
  1462 | D:3      | 1462 ||| RETREEEEATING.
  1464 | D:3      | Noticed Grinder
  1471 | D:3      | HP: 2/28 [orc warrior/+0 scimitar (9)]
  1475 | D:3      | Mangled by an orc warrior

Levels and vault maps discovered:
D:1:      lightli_arrival_isolated_outpost, layout_basic,
          kennysheep_small_spiral
D:2:      minmay_chambers_of_ones, layout_rooms, kennysheep_nub
D:3:      minmay_evil_eye, layout_basic, marbit_many_paths,
          nicolae_ecumenical_lake_church, serial_shops, nicolae_shop_mannequins,
          uniq_grinder

Skill      XL: |  1  2  3 |
---------------+----------+-----
Armour         | 1 |  1.1
Ranged Weapons | 5 |  5.0
Fighting       | 3 |  3.4
Dodging        | |  1.5
Stealth        | |  1.1

Action                     |  1- 3 |  4- 6 || total
---------------------------+-------+-------++-------
   Fire: Shortbow          |   125 |    17 ||   142
    Use: Scroll            |     3 |       ||     3
 Armour: Leather armour    |     5 |       ||     5
         Ring mail         |    30 |     6 ||    36
  Dodge: Dodged            |    40 |    12 ||    52

Table legend:
 A = Non-vault XP
 B = Vault XP
 C = Vault XP percentage of total XP
 D = Non-vault monster count
 E = Vault monster count
 F = Vault count percentage of total count
                 A         B        C        D         E       F
            +---------+---------+-------+---------+---------+-------
      Total |     115 |       9 |   7.3 |      34 |       5 |  12.8
            +---------+---------+-------+---------+---------+-------
        D:1 |      18 |       0 |   0.0 |      12 |       0 |   0.0
        D:2 |      47 |       9 |  16.1 |      17 |       5 |  22.7
        D:3 |      50 |       0 |   0.0 |       5 |       0 |   0.0
            +---------+---------+-------+---------+---------+-------
